 Dungeon Crawl Stone Soup version 0.29-a0-96-g93358da72b (webtiles) character file.

Game seed: 5560866133966889870

990 Malkuth the Conjurer (level 7, -2/52 HPs)
             Began as a Demigod Conjurer on Feb 11, 2022.
             Slain by Pargi (5 damage)
             ... in a sewer.
             The game lasted 00:58:57 (3316 turns).

Malkuth the Conjurer (Demigod Conjurer)             Turns: 3316, Time: 00:58:57

Health: -2/52      AC:  5    Str: 14    XL:     7   Next: 65%
Magic:  26/26      EV: 12    Int: 34    God:
Gold:   59         SH:  0    Dex: 12    Spells: 7/15 levels left

rFire   . . .      SeeInvis .   o - +4 quarterstaff (chaos)
rCold   . . .      Faith    .   (shield currently unavailable)
rNeg    . . .      Spirit   .   v - +1 leather armour of a treasure trove {MP+9}
rPois   .          Reflect  .   (no helmet)
rElec   .          Harm     .   p - +0 cloak
rCorr   .          Rampage  .   (no gloves)
Will    .....                   (no boots)
Stlth   ++........              (no amulet)
HPRegen 0.17/turn               h - +6 ring of intelligence
MPRegen 0.20/turn               n - +6 ring of strength

@: mighty, brilliant
A: high MP 1, forlorn, divine attributes
a: no special abilities


You were in a sewer.
You visited 1 branch of the dungeon, and saw 4 of its levels.
You also visited: Sewer.

You collected 59 gold pieces.

Inventory:

Hand Weapons
 b - a +0 hand axe
 f - a +0 short sword
 j - the +5 dagger of Ragnarok {protect, rN+ rCorr Str+4}
   (You found it on level 2 of the Dungeon)

   It grants its wielder temporary protection when it strikes (+7 to AC).
   Str:       It affects your strength (+4).
   rN:        It protects you from negative energy.
   rCorr:     It protects you from acid and corrosion.
 o - a +4 quarterstaff of chaos (weapon)
Armour
 a - a +0 robe
 p - a +0 cloak (worn)
 v - the +1 leather armour of a treasure trove (worn) {MP+9}
   (You found it on level 3 of the Dungeon)

   MP:        It affects your magic capacity (+9).
Magical Staves
 k - a staff of fire
Jewellery
 h - a +6 ring of intelligence (left hand)
 n - a +6 ring of strength (right hand)
Wands
 i - a wand of flame (7)
 s - a wand of polymorph (10)
Scrolls
 d - 6 scrolls of identify {unknown}
 e - 3 scrolls of amnesia {unknown}
 g - a scroll of vulnerability {unknown}
 l - 2 scrolls of fear {unknown}
 m - a scroll of teleportation {unknown}
 q - 3 scrolls of fog {unknown}
 r - a scroll of noise {unknown}
 u - a scroll of summoning {unknown}
 x - 3 scrolls of blinking {unknown}
 y - a scroll of brand weapon {unknown}
 E - a scroll of magic mapping {unknown}
Potions
 c - a potion of ambrosia {unknown}
 t - a potion of degeneration {unknown}
 A - a potion of attraction {unknown}
 B - a potion of magic {unknown}
 C - 3 potions of mutation {unknown}
 D - a potion of haste {unknown}
 F - a potion of resistance {unknown}


   Skills:
 + Level 1.4 Fighting
 + Level 1.1 Axes
 + Level 1.1 Staves
 + Level 1.3 Armour
 + Level 3.0 Dodging
 + Level 2.6 Stealth
 + Level 0.1 Unarmed Combat
 + Level 4.7 Spellcasting
 + Level 6.1 Conjurations
 + Level 0.2 Fire Magic


You had 7 spell levels left.
You knew the following spells:

 Your Spells              Type           Power      Damage    Failure   Level
a - Magic Dart            Conj           100%       1d8       1%          1
b - Searing Ray           Conj           100%       2d8       1%          2
c - Conjure Flame         Conj/Fire      44%        6-21      4%          3
d - Passwall              Tmut/Erth      10%        N/A       9%          2

Your spell library contained the following spells:

 Spells                   Type           Power      Damage    Failure   Level
 Dazzling Flash           Conj/Hex       86%        N/A       4%          3
 Ensorcelled Hibernation  Hex/Ice        24%        N/A       9%          2
 Ignite Poison            Fire/Tmut/Pois 13%        N/A       16%         3
 Fulminant Prism          Conj/Hex       21%        3d13      16%         4
 Iskenderun's Mystic Bla  Conj/Tloc      43%        2d10      16%         4
 Sticky Flame             Conj/Fire      44%        2d6       16%         4
 Swiftness                Air            12%        N/A       17%         3


Dungeon Overview and Level Annotations

Branches:
Dungeon (4/15)              Sewer (1/1)
 Temple: D:4-7

Annotations:
Sewer Pargi


Innate Abilities, Weirdness & Mutations

You have an increased reservoir of magic. (+10% MP)
You shall have no god before yourself.
Your divine heritage dramatically boosts your attributes as you level up.


Message History

Pargi closely misses you. Pargi claws you. Pargi misses you.
Your unstable footing causes you to fumble your attack.
Pargi bites you. Pargi barely misses you. Pargi claws you.
You barely miss Pargi.
Pargi is severely wounded.
Pargi bites you. Pargi barely misses you. Pargi claws you but does no damage.
Pargi bites you. Pargi closely misses you. Pargi claws you but does no damage.
You thump Pargi!
Pargi is severely wounded.
Pargi bites you.
* * * LOW HITPOINT WARNING * * *
Pargi claws you but does no damage. Pargi barely misses you.
It was a potion of brilliance.
You feel clever all of a sudden. Pargi closely misses you.
Pargi claws you but does no damage. x2
Aiming: Throw Flame
Press: ? - help, Q - select action, (/) - cycle Shift-Dir - straight line, f/p - Pargi
Aim: Pargi (severely wounded, 60% to hit)
The puff of flame hits Pargi.
Pargi is almost dead.
Pargi bites you.
* * * LOW HITPOINT WARNING * * *
Pargi claws you.
* * * LOW HITPOINT WARNING * * *
Pargi claws you but does no damage.
Your unstable footing causes you to fumble your attack.
Pargi misses you. Pargi claws you.
* * * LOW HITPOINT WARNING * * *
Pargi closely misses you.
Pargi looks around nervously.
Pargi bites you.
* * * LOW HITPOINT WARNING * * *
Pargi barely misses you. Pargi claws you but does no damage.
Pargi completely misses you. Pargi claws you.
* * * LOW HITPOINT WARNING * * *
Pargi misses you.
It was a potion of might.
You feel very mighty all of a sudden. Pargi bites you.
You die...

###≈≈≈≈≈≈≈≈≈≈≈≈≈≈≈≈≈≈##
##≈≈≈≈≈≈≈≈≈≈≈≈≈≈≈≈≈≈≈≈≈##
#≈≈≈≈≈≈≈≈≈≈≈≈≈≈≈≈≈≈≈≈≈≈≈#
≈≈≈≈≈≈≈≈≈≈≈≈≈≈≈≈≈≈≈≈≈≈≈≈#
≈≈≈≈≈≈≈≈≈≈≈≈≈≈≈≈≈≈≈≈≈≈≈≈≈
≈≈≈≈≈≈≈≈≈≈≈≈≈≈≈≈≈≈≈≈≈≈≈≈≈
≈≈≈≈≈≈≈≈≈≈#.≈≈≈≈...≈≈≈≈≈≈
≈≈≈≈≈≈≈T≈###.#.##.#≈≈≈≈≈≈
≈≈≈≈≈≈.#@# ###≈#####≈≈≈≈≈
≈≈≈≈≈≈≈### #.# #≈≈≈≈≈
≈≈≈≈≈≈. #.# ##≈≈≈≈
≈≈≈≈≈.. #.# #.≈≈≈ ≈≈≈≈≈.#
#≈# #.≈≈≈ ≈≈≈≈.# ##≈##
##≈≈≈ ≈≈≈≈. #.≈.# ##≈≈
#.∩.# #.≈≈ #...# ##.≈


You could see Pargi.

Vanquished Creatures
  Sigmund (D:2)
  A black bear (D:3)
  A phantom (D:3)
  3 water moccasin zombies (D:4)
  A water moccasin skeleton (D:4)
  A bullfrog zombie (D:4)
  A centaur zombie (D:4)
  Crazy Yiuf (D:2)
  A bullfrog skeleton (D:4)
  A scorpion zombie (D:4)
  A centaur skeleton (D:4)
  Ijyb (D:3)
  2 hound zombies (D:4)
  2 hound skeletons (D:4)
  Robin (D:3)
  3 gnolls (D:4)
  6 adders
  An ufetubus (D:4)
  2 adder zombies (D:4)
  2 adder skeletons (D:4)
  3 worms
  5 bats
  10 endoplasms
  3 giant cockroaches
  8 goblins
  13 hobgoblins
  3 jackals (D:1)
  3 quokkas
  12 ball pythons
  7 frilled lizards
  A jackal zombie (D:4)
  6 kobolds
  A quokka skeleton (D:4)
108 creatures vanquished.

Vanquished Creatures (others)
  A plant (D:1)
  2 withered plants (D:4)
3 creatures vanquished.

Grand Total: 111 creatures vanquished

Notes
Turn   | Place    | Note
-------+----------+-------------------------------------------
     0 | D:1      | Malkuth the Demigod Conjurer began the quest for the Orb.
     0 | D:1      | Reached XP level 1. HP: 14/14 MP: 5/5
   128 | D:1      | Reached skill level 4 in Conjurations
   373 | D:1      | Reached XP level 2. HP: 20/20 MP: 2/7
   377 | D:1      | Learned a level 2 spell: Searing Ray
   921 | D:2      | Reached XP level 3. HP: 26/26 MP: 1/8
   971 | D:2      | Identified the +5 dagger of Ragnarok {protect, rN+ rCorr
                  | Str+4}
  1034 | D:2      | Noticed Sigmund
  1041 | D:2      | Killed Sigmund
  1042 | D:2      | Reached skill level 1 in Fighting
  1042 | D:2      | Reached skill level 5 in Conjurations
  1042 | D:2      | Reached XP level 4. HP: 35/35 MP: 0/10
  1042 | D:2      | Reached XP level 5. HP: 40/40 MP: 0/11
  1208 | D:2      | Found a runed translucent door.
  1209 | D:2      | Noticed Crazy Yiuf
  1401 | D:2      | Learned a level 3 spell: Conjure Flame
  1742 | D:2      | Killed Crazy Yiuf
  1886 | D:3      | Reached skill level 1 in Axes
  1886 | D:3      | Reached XP level 6. HP: 28/47 MP: 1/13
  2114 | D:3      | Noticed Ijyb
  2124 | D:3      | Killed Ijyb
  2328 | D:3      | Learned a level 2 spell: Passwall
  2399 | D:3      | Identified the +1 leather armour of a treasure trove {MP+9}
  2462 | D:3      | Noticed Robin
  2466 | D:3      | Killed Robin
  2718 | D:4      | Reached XP level 7. HP: 38/52 MP: 10/16
  2830 | D:4      | Reached skill level 6 in Conjurations
  2983 | D:4      | Reached skill level 1 in Armour
  3169 | D:4      | Found a glowing drain.
  3213 | Sewer    | Entered a sewer
  3253 | Sewer    | Reached skill level 1 in Staves
  3296 | Sewer    | Noticed Pargi
  3316 | Sewer    | Slain by Pargi

Illustrated notes

Levels and vault maps discovered:
D:1:      amcnicky_arrival_choice, layout_loops_ring,
          hellmonk_ecumenical_altar_inner_sanctum, minmay_shallow_snake_nest
D:2:      layout_basic, basic_altar, minmay_misc_feat_iff,
          minmay_split_cup_small, uniq_sigmund, uniq_crazy_yiuf_cottage
D:3:      layout_rooms, uniq_ijyb, uniq_robin
D:4:      layout_layer_cave, minmay_temple_entry_butterflies,
          cheibrodos_sewer_entry_bend, serial_undead, serial_undead_f,
          serial_undead_b, serial_undead_b, serial_undead_f, serial_undead_e,
          serial_undead_d, serial_undead_e, serial_undead_b, minmay_cut_off
Sewer:    sewer_co_pargi_island

Skill      XL: |  1  2  3  4  5  6  7 |
---------------+----------------------+-----
Conjurations   | 4 5 6 |  6.1
Dodging        | 2 3 |  3.0
Spellcasting   | 2 3 4 |  4.7
Fighting       | 1 |  1.4
Stealth        | 2 |  2.6
Axes           | 1 |  1.1
Armour         | 1 |  1.3
Staves         | 1 |  1.1
Unarmed Combat | |  0.1
Fire Magic     | |  0.2

Action                   |  1- 3 |  4- 6 |  7- 9 || total
-------------------------+-------+-------+-------++-------
Melee: Hand axe          |    13 |       |       ||    13
       Short sword       |     4 |       |       ||     4
       Staff             |       |    13 |       ||    13
       Quarterstaff      |       |    12 |    50 ||    62
       Unarmed           |       |     2 |       ||     2
 Cast: Magic Dart        |    62 |    98 |    58 ||   218
       Searing Ray       |     2 |    10 |     5 ||    17
       Conjure Flame     |       |     4 |       ||     4
Evoke: Wand              |       |       |     3 ||     3
  Use: Potion            |       |     1 |     2 ||     3
Armor: Robe              |     4 |     5 |       ||     9
       Leather armour    |       |    14 |    28 ||    42
       Skin              |       |     1 |       ||     1
Dodge: Dodged            |    23 |    51 |    60 ||   134

Table legend: (Time is in decaauts)
 A = Elapsed time spent in this place.
 B = Non-inter-level travel time spent in this place.
 C = Inter-level travel time spent in this place.
 D = Time resting spent in this place.
 E = Time spent auto-exploring this place.
 F = Levels seen in this place.
 G = Mean time per level.
                   A        B        C        D        E       F      G
               +--------+--------+--------+--------+--------+-----+--------+
         Total |   3363 |   3363 |      0 |      0 |      0 |   5 |  672.6 |
       Dungeon |   3237 |   3237 |      0 |      0 |      0 |   4 |  809.2 |
         Sewer |    125 |    125 |      0 |      0 |      0 |   1 |  125.0 |
               +--------+--------+--------+--------+--------+-----+--------+

Top non-repeatable levels by time:
     D:2: 1113 daAuts
     D:1: 777 daAuts
     D:3: 761 daAuts
     D:4: 584 daAuts
   Sewer: 125 daAuts
